 Dungeon Crawl Stone Soup version 0.18.1-8-gdd0e5ea (webtiles) character file.

221 matakusis the Magician (level 5, 0/28 HPs)
             Began as a Deep Elf Wizard on June 11, 2016.
             Engulfed by a cloud of noxious fumes (2 damage)
             ... in a sewer.
             The game lasted 00:23:25 (2532 turns).

matakusis the Magician (Deep Elf Wizard)            Turns: 2532, Time: 00:23:26

Health: 0/28       AC:  5    Str:  4    XL:     5   Next: 65%
Magic:  0/15       EV: 13    Int: 24    God:
Gold:   67         SH:  0    Dex: 13    Spells: 5 memorised, 5 levels left

rFire  . . .     SeeInvis .     g - +0 short sword
rCold  . . .     Gourm    .     a - +0 robe
rNeg   . . .     Faith    .     (no shield)
rPois  .         Spirit   .     b - +0 hat
rElec  .         Dismiss  .     k - +2 cloak
rCorr  .         Reflect  .     (no gloves)
SustAt .         Harm     .     (no boots)
MR     .....     Rnd*Tele +     (no amulet)
Stlth  +.........               (no ring)
                                o - ring of teleportation (curse)

@: confused, not resistant to hostile enchantments, very unstealthy
A: no striking features
a: no special abilities


You were in a sewer.
You were hungry.

You visited 1 branch of the dungeon, and saw 3 of its levels.
You also visited: Sewer.

You collected 67 gold pieces.

Inventory:

Hand Weapons
 g - a +0 short sword (weapon)
Armour
 a - a +0 robe (worn)
 b - a +0 hat (worn)
 i - a +2 helmet
 k - a +2 cloak (worn)
Jewellery
 o - a cursed ring of teleportation (left hand)
Scrolls
 l - a scroll of fear {unknown}
 n - a scroll of identify
Potions
 e - 3 potions of lignification
 t - a potion of magic
Books
 c - a book of Minor Magic

   Spells                             Type                      Level
   a - Magic Dart                     Conjuration                  1
   b - Blink                          Translocation                2
   c - Call Imp                       Summoning                    2
   d - Repel Missiles                 Charms/Air                   2
   e - Slow                           Hexes                        2
   f - Conjure Flame                  Conjuration/Fire             3
   g - Mephitic Cloud                 Conjuration/Poison/Air       3
Comestibles
 d - 2 bread rations
 f - 2 slices of pizza
 h - 3 meat rations
 m - 3 beef jerkies
 p - 2 fruits


   Skills:
 + Level 3.6 Dodging
 - Level 2.4 Stealth
 + Level 6.3 Spellcasting
 + Level 1.5 Conjurations
 * Level 4.0 Summonings
 - Level 1.1 Translocations


You had 5 spell levels left.
You knew the following spells:

 Your Spells              Type           Power        Failure   Level  Hunger
a - Magic Dart            Conj           ###.         4%          1    None
b - Call Imp              Summ           ####....     1%          2    None
c - Blink                 Tloc           N/A          10%         2    None
d - Conjure Flame         Conj/Fire      ##......     21%         3    None
e - Mephitic Cloud        Conj/Pois/Air  ##......     21%         3    None


Dungeon Overview and Level Annotations

Branches:
Dungeon (3/15)

Altars:
Gozag
Ru
Trog

Annotations:
Sewer Typee's ghost, novice OpWz


Message History

The poisoned needle hits you! Typee's ghost hits your shadow imp!
Your shadow imp dies!
Casting: Conjure Flame
Confirm with . or Enter, or press ? or * to list all spells.
Aiming: Mephitic Cloud
Press: ? - help, Shift-Dir - straight line The ball explodes into a vile cloud!
The stinking cloud engulfs the kobold.
The stinking cloud engulfs Typee's ghost.
You feel less woody.
Your +2 cloak unmelds from your body.
Your +0 hat unmelds from your body.
Your +0 robe unmelds from your body.
The kobold is engulfed in noxious fumes.
The kobold appears confused.
The kobold unwields an uncursed enchanted blowgun.
The kobold barely misses Typee's ghost.
You enter the shallow water.
Moving in this stuff is going to be slow.
You are engulfed in noxious fumes.
You choke on the stench!
You are confused.
You die...

≈≈≈≈ ≈≈≈≈≈ ≈≈≈≈≈≈
≈≈≈≈P≈ ≈≈≈..≈.
≈≈≈≈..P#######
≈≈≈....K§W§§§#
≈.....§§#@###
###.≈...≈#≈#
≈≈≈.P.≈K.#≈#
#########.P..≈.#≈#
≈≈≈≈≈≈≈≈≈≈...(W#≈.
≈≈≈≈≈≈≈≈≈P≈.≈..#≈#
≈≈≈≈≈≈..P(≈≈≈≈K#≈#
≈≈≈≈≈.P.....≈.#≈####
≈≈≈≈≈..≈.≈.≈.≈#≈#≈.#


You could see Typee's ghost and a kobold (confused).

Vanquished Creatures
  The ghost of junkhipster the Covered, an amateur DDFi of Lugonu (D:3)
  An adder (Sewer)
  A giant gecko (D:1)
  6 giant cockroaches
  3 goblins (D:3)
  2 hobgoblins
  2 jackals (D:1)
  5 kobolds
  12 bats
  3 giant newts
  4 rats
40 creatures vanquished.

Vanquished Creatures (collateral kills)
  An ogre (D:3)
  5 adders
  An ooze (D:1)
  2 dart slugs
  2 giant geckos (D:3)
  4 giant cockroaches
  4 goblins
  A hobgoblin (D:3)
  2 kobolds
  A ball python (D:2)
  A giant newt (Sewer)
  3 rats
27 creatures vanquished.

Grand Total: 67 creatures vanquished

Notes
Turn   | Place    | Note
--------------------------------------------------------------
     0 | D:1      | matakusis the Deep Elf Wizard began the quest for the Orb.
     0 | D:1      | Reached XP level 1. HP: 10/10 MP: 7/7
   248 | D:1      | Reached skill level 5 in Spellcasting
   314 | D:1      | Reached XP level 2. HP: 15/15 MP: 0/10
   480 | D:1      | Learned a level 2 spell: Call Imp
   483 | D:1      | Learned a level 2 spell: Blink
  1150 | D:2      | Reached XP level 3. HP: 18/19 MP: 4/11
  1439 | D:2      | Found a sacrificial altar of Ru.
  1439 | D:2      | Found an opulent altar of Gozag.
  1440 | D:2      | Found a bloodstained altar of Trog.
  2081 | D:2      | Learned a level 3 spell: Conjure Flame
  2085 | D:2      | Learned a level 3 spell: Mephitic Cloud
  2220 | D:3      | Noticed junkhipster's ghost (amateur DDFi)
  2223 | D:3      | Reached XP level 4. HP: 24/24 MP: 6/13
  2235 | D:3      | Noticed an ogre
  2288 | D:3      | Killed junkhipster's ghost
  2288 | D:3      | Reached skill level 6 in Spellcasting
  2288 | D:3      | Reached XP level 5. HP: 22/28 MP: 0/15
  2382 | D:3      | Found a glowing drain.
  2426 | D:3      | Killed an ogre
  2464 | Sewer    | Entered a sewer
  2490 | Sewer    | Noticed Typee's ghost (novice OpWz)
  2529 | Sewer    | HP: 2/42 [poisoned by a kobold]
  2532 | Sewer    | Engulfed by a cloud of noxious fumes

Skill      XL: |  1  2  3  4  5 |
---------------+----------------+-----
Spellcasting   | 5 6 |  6.3
Dodging        | 3 |  3.6
Summonings     | 2 3 4 |  4.0
Stealth        | |  2.4
Conjurations   | |  1.5
Translocations | |  1.1

Action                   |  1- 3 |  4- 6 || total
-------------------------+-------+-------++-------
Melee: Unarmed           |     6 |       ||     6
       Short sword       |     7 |     9 ||    16
 Cast: Magic Dart        |    55 |    28 ||    83
       Call Imp          |    30 |    11 ||    41
       Blink             |     1 |     6 ||     7
       Mephitic Cloud    |       |     2 ||     2
       Conjure Flame     |       |     1 ||     1
  Use: Scroll            |     7 |       ||     7
       Potion            |     4 |     5 ||     9
 Stab: Sleeping          |     2 |       ||     2
       Distracted        |     1 |       ||     1
  Eat: Chunk             |     4 |       ||     4
Armor: Robe              |    17 |    49 ||    66
       Skin              |       |    14 ||    14
Dodge: Dodged            |    39 |    63 ||   102
